 Dungeon Crawl Stone Soup version 0.19.1-1-g22dce08 (webtiles) character file.

722802 M4edhros the Eclecticist (level 27, -18/203 HPs)
             Began as an Octopode Necromancer on Jan 2, 2017.
             Was the Champion of Cheibriados.
             Demolished by a reaper
             ... wielding a +4 antimagic scythe
              (41 damage)
             ... on level 7 of the Iron City of Dis.
             The game lasted 03:14:57 (28985 turns).

M4edhros the Eclecticist (Octopode Necromancer)    Turns: 28985, Time: 03:15:01

Health: -18/203    AC: 11    Str: 35    XL:     27
Magic:  15/41      EV: 37    Int: 41    God:    Cheibriados [******]
Gold:   3197       SH: 27    Dex: 36    Spells: 16 memorised, 5 levels left

rFire  + + .     SeeInvis +       - Unarmed
rCold  + . .     Gourm    .     Q - +3 shield of Tuyzxowo {+Blink Regen+ rCorr Slay-4}
rNeg   . . .     Faith    .     w - +2 hat of Ennui {*Drain Str+5 Int+2 SInv}
rPois  .         Spirit   .     d - amulet of regeneration
rElec  .         Reflect  .     x - ring of Ulock {AC+6 Str+3 Dex+3 Slay-2}
rCorr  +         Harm     .     R - +6 ring of intelligence
MR     +++++     Clarity  +     U - +4 ring of evasion
Stlth  ++++......               S - ring of Suoruck {rC+ MR+}
                                c - ring of protection from magic
                                E - ring of protection from fire
                                N - ring of Bicwul {Wiz Str+3 Dex-3 Slay+3}
                                T - ring of protection from magic

@: very slow
A: almost no armour, stealthy swim, amphibious, 8 rings, constrict 8, fangs 1,
large bone plates 2, thin metallic scales 1, camouflage 1, blurry vision 2,
clarity, deterioration 1, dopey 1, fire resistance 1, low mp 1, sense
surroundings 1, robust 1, screaming 1, gelatinous body 1
a: Bend Time, Temporal Distortion, Slouch, Step From Time, Renounce Religion,
Evoke Blink
}: 6/15 runes: decaying, serpentine, slimy, silver, bone, abyssal


You were on level 7 of the Iron City of Dis.
You worshipped Cheibriados.
Cheibriados was exalted by your worship.
You were not hungry.

You visited 13 branches of the dungeon, and saw 63 of its levels.
You visited the Abyss 1 time.
You visited 1 bazaar.
You also visited: Labyrinth, Bailey, Volcano and Wizlab.

You collected 6822 gold pieces.
You spent 3625 gold pieces at shops.

Inventory:

Armour
 w - the +2 hat of Ennui (worn) {*Drain Str+5 Int+2 SInv}
   (You acquired it on level 3 of the Elven Halls)

   It affects your strength (+5).
   It affects your intelligence (+2).
   It lets you see invisible.
   It causes draining when unequipped.
 Q - the +3 shield of Tuyzxowo (worn) {+Blink Regen+ rCorr Slay-4}
   (You acquired it on level 12 of the Dungeon)

   It affects your accuracy and damage with ranged weapons and melee attacks
   (-4).
   It lets you blink.
   It increases your rate of regeneration.
   It protects you from acid and corrosion.
Rods
 g - a +4 rod of inaccuracy (9/9)
   (You found it on level 3 of the Depths)
 G - a +9 rod of inaccuracy (15/15)
   (You bought it in a shop on level 2 of the Orcish Mines)
Jewellery
 c - a ring of protection from magic (on tentacle)
 d - an amulet of regeneration (around mantle)
 r - the ring of Zamopp {rC++ Int+2 Slay-4}
   (You found it on level 3 of the Elven Halls)

   [ring of intelligence]

   It affects your intelligence (+2).
   It affects your accuracy and damage with ranged weapons and melee attacks
   (-4).
   It greatly protects you from cold.
 x - the ring of Ulock (left tentacle) {AC+6 Str+3 Dex+3 Slay-2}
   (You found it on level 10 of the Dungeon)

   [ring of protection]

   It affects your AC (+6).
   It affects your strength (+3).
   It affects your dexterity (+3).
   It affects your accuracy and damage with ranged weapons and melee attacks
   (-2).
 E - a ring of protection from fire (on tentacle)
 N - a ring of Bicwul (on tentacle) {Wiz Str+3 Dex-3 Slay+3}
   (You bought it in a shop in a bazaar)

   [ring of wizardry]

   It improves your spell success rate.
   It affects your strength (+3).
   It affects your dexterity (-3).
   It affects your accuracy and damage with ranged weapons and melee attacks
   (+3).
 R - a +6 ring of intelligence (right tentacle)
 S - the ring of Suoruck (on tentacle) {rC+ MR+}
   (You found it on level 5 of the Pits of Slime)

   [ring of protection from magic]

   It protects you from cold.
   It affects your resistance to hostile enchantments.
 T - a ring of protection from magic (on tentacle)
 U - a +4 ring of evasion (on tentacle)
Wands
 p - a wand of heal wounds (1/9)
 F - a wand of digging (7/24)
 M - a wand of digging (5/24)
 W - a wand of teleportation (1/9)
 Z - a wand of heal wounds (8/9)
Scrolls
 e - 3 scrolls of identify
 j - a scroll of magic mapping
 n - 4 scrolls of summoning
 q - 3 scrolls of fog
 s - 5 scrolls of teleportation
 I - 3 scrolls of blinking
 L - 7 scrolls of fear
Potions
 h - 3 potions of cancellation
 m - a potion of ambrosia
 o - a potion of cure mutation
 u - a potion of heal wounds
 z - 3 potions of brilliance
 A - 8 potions of curing
 B - 2 potions of invisibility
 C - 2 potions of agility
 H - 7 potions of might
 K - 2 potions of magic
 O - 2 potions of resistance
Miscellaneous
 a - a crystal ball of energy
 f - a lamp of fire
 k - a fan of gales
 l - a sack of spiders
 t - a phial of floods
 y - a disc of storms
 D - 2 boxes of beasts
 J - 2 phantom mirrors
Comestibles
 b - 20 bread rations
 i - 9 slices of pizza


   Skills:
 + Level 14.7 Fighting
   Level 0.8 Slings
 + Level 14.8 Dodging
 - Level 2.6 Stealth
 - Level 15.2 Shields
 + Level 17.1 Unarmed Combat
 * Level 19.1 Spellcasting
 - Level 15.0 Charms
 * Level 19.0 Summonings
 - Level 4.0 Necromancy
 - Level 17.0 Translocations
 - Level 11.0 Transmutations
 - Level 6.5 Air Magic
 - Level 11.1 Earth Magic
 - Level 10.7 Invocations
 - Level 15.5 Evocations


You had 5 spell levels left.
You knew the following spells:

 Your Spells              Type           Power        Failure   Level  Hunger
a - Song of Slaying       Chrm           ########     0%          2    None
b - Animate Skeleton      Necr           N/A          1%          1    None
c - Regeneration          Chrm/Necr      #######...   1%          3    None
d - Ozocubu's Armour      Chrm/Ice       #######.     1%          3    None
e - Inner Flame           Hex/Fire       #####...     1%          3    None
f - Animate Dead          Necr           N/A          1%          4    None
g - Gell's Gravitas       Hex/Tloc       #######...   1%          3    None
h - Statue Form           Tmut/Erth      #######..    1%          6    None
i - Shroud of Golubria    Chrm/Tloc      ########..   0%          2    None
j - Repel Missiles        Chrm/Air       ######       0%          2    None
k - Mephitic Cloud        Conj/Pois/Air  ######..     1%          3    None
l - Summon Lightning Spi  Summ/Air       #######.     1%          4    None
m - Aura of Abjuration    Summ           ########..   0%          5    None
n - Deflect Missiles      Chrm/Air       #######...   1%          6    None
o - Malign Gateway        Summ/Tloc      ########..   1%          7    None
p - Summon Forest         Summ/Tloc      ########..   0%          5    None


Dungeon Overview and Level Annotations

Branches:
Dungeon (15/15)            Temple (1/1) D:7            Lair (6/6) D:11
  Swamp (4/4) Lair:3        Snake (4/4) Lair:2        Slime (5/5) Lair:6
    Orc (2/2) D:9             Elf (3/3) Orc:2        Vaults (5/5) D:14
 Depths (3/5) D:15           Hell (1/1)                 Dis (7/7) Hell
    Tar (7/7) Hell
  Crypt: Vaults:2-3     Geh: Hell:1         Coc: Hell:1

Altars:
Cheibriados
Elyvilon
Fedhas
Kikubaaqudgha
Okawaru
Qazlal
Ru
Sif Muna
Trog
Uskayaw
Vehumet
Yredelemnul
Beogh

Shops:
D:4 *[(   D:8 (   D:9 (   D:13 [   Orc:2 }!?*   Elf:2 =   Depths:1 [![

Portals:
Hell: Depths:1 Depths:3
Abyss: Depths:1 Depths:3
Pandemonium: Depths:3
Ziggurat: Depths:1

Annotations:
Depths:1 exclusion: orange crystal statue


Innate Abilities, Weirdness & Mutations

You cannot wear most types of armour.
You are very stealthy in the water. (Stealth+)
You are amphibious.
You can wear up to eight rings at the same time.
You can use your tentacles to constrict eight enemies at once.
Your skin changes colour to match your surroundings (Stealth+).
Your rubbery body absorbs attacks. (AC +1, EV +1)
You have very sharp teeth.
You are mostly covered in large bone plates. (SH +6)
You are partially covered in thin metallic scales. (AC +2)
Scrolls take you longer to read.
You possess an exceptional clarity of mind.
Your body sometimes deteriorates upon taking damage.
You are dopey. (Int -2)
Your flesh is heat resistant. (rF+)
Your magical capacity is low. (-10% MP)
You passively map a small area around you.
You are robust. (+10% HP)
You occasionally shout uncontrollably at your foes.


Message History

* * * LOW HITPOINT WARNING * * *
The bolt of dispelling energy hits your iron giant zombie.
You block the war gargoyle's attack.
The war gargoyle launches metal splinters at you.
The spray of metal splinters misses you.
The spray of metal splinters hits your iron giant zombie.
Your iron giant zombie is destroyed!
The spray of metal splinters hits the rust devil.
The rust devil dies!
Unknown command.
Unknown command.
Unknown command.
You feel much better.
You revert to your normal fleshy form.
Your skin stops crawling.
You constrict the war gargoyle!
The war gargoyle hits you with a morningstar of holy wrath!
* * * LOW HITPOINT WARNING * * *
You block the war gargoyle's attack. You block the reaper's attack.
The reaper hits you from afar with an antimagic scythe!!!
You die...

,,,*,*,*,,,*,*,*,,,,,***,,,,,,***
,,,,,,,,,.......,,,,,,,********,,
,,,,,,,,,.......,,,,,,,*,*,,*,*,,
,,,,,,,,,.......,,,,,,,,,,,,,,,,,
,,,,,,,,,.......,,,,,,,,,,,,,,,,,
****,,,,,.......*****************
*,,,,,....D2.*
****,,,,,......)##############
,,,+,,,,,......9@)2....'.....##
****,,,,,.....29########......#
**,,,,......#* #......#
**,,,.....#* #......# ****#####*
##....##
***********###############''#####
,,,,,,,,,,,......................
,,,,,,,,,,,......................
,,,**********###.................


You could see a quicksilver dragon, 2 reapers, 2 war gargoyles and a tormentor.

Vanquished Creatures
  the Royal Jelly (Slime:5)
  Ereshkigal (Tar:7)
  2 ancient liches
  2 juggernauts (Depths:3)
  Bai Suzhen (Vaults:5)
  A caustic shrike (Depths:3)
  Geryon (Hell)
  The ghost of eggzz the Executioner, an adept MiBe of Trog (Vaults:5)
  Nikola (Swamp:3)
  A golden dragon (Vaults:5)
  13 bone dragons
  11 doom hounds
  A Hellbinder (WizLab)
  4 iron giants
  31 Tzitzimimeh
  3 Hell Sentinels (Dis:7)
  3 Ice Fiends
  Rupert (Lair:5)
  11 liches
  6 tentacled monstrosities
  A deep elf blademaster (Elf:3)
  3 deep elf master archers (Elf:3)
  2 quicksilver dragons
  4 Executioners
  Murray (Hell)
  5 titans (Vaults:5)
  15 acid blobs
  Frances (Snake:1)
  7 tentacled starspawn
  4 sphinxes
  A thorn hunter (Swamp:4)
  16 tengu reavers
  Gastronok (D:10)
  9 shadow dragons
  4 ancient champions
  2 storm dragons
  6 nagarajas
  5 fire giants
  10 azure jellies
  A revenant (Abyss:1)
  A ghost moth (Abyss:4)
  An azure jelly (shapeshifter) (Vaults:5)
  7 iron dragons
  10 vault wardens
  4 frost giants
  A balrug (Dis:4)
  Aizul (Elf:1)
  9 deep elf sorcerers
  8 deep elf elementalists
  9 ironheart preservers
  5 cacodemons
  An orc warlord (Bailey)
  47 reapers
  11 war gargoyles
  22 stone giants
  31 very ugly things
  4 deep elf demonologists
  7 vampire knights
  7 spark wasps
  8 deep elf annihilators
  3 lorocyprocas
  3 green deaths (WizLab)
  4 blizzard demons
  6 deep elf death magi
  Snorg (D:10)
  2 quicksilver dragon zombies
  3 jiangshi (Tar:4)
  A minotaur (Lab)
  7 ettins
  10 death oozes
  8 yaktaur captains
  Josephine (Orc:2)
  8 ice dragons
  6 deep elf high priests
  10 great orbs of eyes
  5 rakshasas
  A fire dragon (Depths:2)
  21 hydras
  33 vault guards
  14 anacondas
  3 hell beasts
  2 quicksilver dragon skeletons (Hell)
  7 naga warriors
  A spriggan air mage (Depths:2)
  A catoblepas (Lair:6)
  2 ghost crabs
  5 centaur warriors
  7 alligators
  6 tengu warriors
  9 deep troll shamans
  14 ogre magi
  8 deep troll earth magi
  5 dancing weapons
  20 small abominations
  Urug (Orc:1)
  7 vampire magi
  3 titan zombies
  33 hell knights
  5 hell hogs
  5 shock serpents
  7 storm dragon zombies
  7 soul eaters
  5 orc high priests (Orc:2)
  9 thrashing horrors
  12 naga sharpshooters
  4 iron golems
  7 deep elf knights
  5 spriggan berserkers
  Nergalle (Lair:2)
  4 sun demons
  A sixfirhy (Abyss:2)
  115 skeletal warriors
  5 salamander mystics
  2 storm dragon skeletons
  A titan skeleton (Tar:4)
  16 deep trolls
  A shadow wraith (Vaults:5)
  43 large abominations
  11 iron trolls
  A spatial maelstrom (Abyss:4)
  7 wretched stars
  The ghost of flt the Destroyer, a novice DrCj of Sif Muna (D:9)
  3 ghost moth zombies
  A golden dragon zombie (Tar:4)
  5 wizards
  11 shadow demons
  3 shambling mangroves
  5 unseen horrors
  An unseen horror (shapeshifter) (Vaults:5)
  6 flayed ghosts
  A quicksilver dragon simulacrum (Abyss:1)
  A death drake (Tar:2)
  A spriggan druid (Swamp:4)
  8 glowing orange brains
  A torturous demonspawn (Tar:2)
  8 swamp dragons
  4 anaconda zombies
  6 deep elf archers
  A naga ritualist (Snake:4)
  10 ironbrand convokers
  5 shadow dragon zombies
  Pikel (D:4)
  4 lindwurms (Snake:4)
  15 phantasmal warriors
  2 golden dragon skeletons
  6 hill giants
  4 necromancers (Hell)
  14 orc knights
  13 mana vipers
  An anaconda skeleton (Hell)
  An orb spider (shapeshifter) (D:11)
  21 deep elf magi
  4 harpies (D:13)
  4 orc sorcerers
  4 iron dragon zombies
  6 shining eyes
  A shadow dragon skeleton (Tar:7)
  A wolf spider zombie (Hell)
  4 cyclopes
  5 stone giant zombies
  5 frost giant zombies
  37 ugly things
  3 worldbinders
  An iron dragon skeleton (Tar:7)
  2 fire giant zombies (Tar:7)
  6 salamanders
  3 stone giant skeletons
  3 fire giant skeletons
  A guardian serpent (shapeshifter) (Depths:2)
  19 rust devils
  19 naga magi
  4 dire elephant zombies
  2 centaur zombies (D:11)
  5 apocalypse crabs (Abyss:4)
  Maurice (D:12)
  15 black mambas
  6 vault sentinels
  6 smoke demons
  5 eyes of devastation
  9 guardian serpents
  3 frost giant skeletons
  A catoblepas zombie (Tar:4)
  3 centaur skeletons
  3 orange demons (WizLab)
  2 gargoyles
  21 spiny frogs
  8 hellions
  2 shock serpent skeletons (Tar:2)
  3 kobold demonologists
  14 freezing wraiths
  4 komodo dragons
  3 emperor scorpion zombies
  An efreet (Abyss:1)
  A catoblepas skeleton (Hell)
  4 hellwings (Abyss:4)
  2 demonic crawlers
  26 yaktaurs
  19 tormentors
  3 trolls
  4 silent spectres
  3 tengu conjurers
  A komodo dragon (shapeshifter) (Vaults:5)
  7 red devils
  4 ancient zymes
  2 trolls (shapeshifter)
  8 hydra zombies
  6 ice devils
  A queen bee (D:11)
  A queen bee (shapeshifter) (Vaults:5)
  16 hornets
  A polar bear (Lair:5)
  5 meliai
  5 tyrant leeches
  12 blink frogs
  17 raiju
  4 harpy skeletons
  72 slime creatures
  A blink frog (shapeshifter) (Vaults:1)
  23 two-headed ogres
  5 ettin zombies
  2 hydra skeletons
  9 bog bodies
  A hornet (shapeshifter) (Vaults:4)
  3 ice dragon zombies
  2 alligator zombies
  5 hippogriffs
  4 fire dragon zombies
  2 alligator skeletons
  3 ettin skeletons
  A redback (Lair:6)
  2 black mamba zombies
  3 fire dragon skeletons
  Sigmund (D:5)
  A spriggan (Swamp:4)
  2 tarantellas (shapeshifter)
  12 wyverns
  41 flying skulls
  16 wraiths
  2 air elementals (Elf:3)
  32 shadows
  A black mamba skeleton (Dis:4)
  4 water elementals (Depths:2)
  14 fire bats
  2 fire elementals
  A golden eye (Abyss:4)
  40 yaks
  6 ynoxinuls
  11 vampire mosquitoes
  3 chaos spawn (Abyss:4)
  A golden eye (shapeshifter) (Depths:3)
  9 hungry ghosts
  5 neqoxecs (Abyss:4)
  A warg (D:15)
  A basilisk (Lair:1)
  A mottled dragon (Vaults:2)
  28 nagas
  12 swamp worms
  2 merfolk zombies
  15 water moccasins
  36 hell hounds
  A swamp worm (shapeshifter) (Depths:3)
  6 porcupines
  3 floating eyes
  35 orc warriors
  4 sky beasts
  2 ice beasts
  2 slaves (D:4)
  A black bear (D:9)
  7 swamp drakes
  8 eyes of draining
  9 phantoms
  18 necrophages
  24 starcursed masses
  2 snapping turtle zombies
  An alligator simulacrum (Hell)
  A black bear (shapeshifter) (Depths:3)
  37 ogres
  A manticore zombie (Tar:1)
  12 centaurs
  A boggart (shapeshifter) (D:13)
  A boggart (Depths:1)
  11 wolves (Lair:4)
  3 manticore skeletons
  2 snapping turtle skeletons
  4 crocodiles
  4 big kobolds
  A big kobold (shapeshifter) (Abyss:4)
  13 bullfrogs
  An elf zombie (Tar:1)
  3 wyvern skeletons
  A spriggan zombie (Dis:6)
  4 scorpions
  28 killer bees
  A troll zombie (Hell)
  39 wights
  3 howler monkeys
  6 crimson imps
  5 quasits
  11 lava snakes
  9 hounds
  15 iron imps
  25 orc priests
  15 jellies
  Crazy Yiuf (D:3)
  A gnoll shaman (D:7)
  19 orc wizards
  Terence (D:2)
  6 iguanas
  14 worker ants
  Natasha (thrice) (D:2)
  A hell rat (shapeshifter) (Vaults:5)
  5 hell rats (Hell)
  An ogre zombie (Tar:2)
  A mummy (Dis:6)
  2 hound skeletons
  3 gnolls (Bailey)
  12 adders
  2 river rats (D:11)
  21 shadow imps
  A white imp (WizLab)
  An ufetubus (Abyss:4)
  5 oozes
  2 adder skeletons
  2 worms
  A dart slug (D:3)
  A leopard gecko (D:3)
  89 orcs
  2 ball pythons
  9 bats
  2 giant cockroaches
  15 goblins
  12 hobgoblins
  15 jackals
  21 kobolds
  8 quokkas
  6 frilled lizards
  An orc skeleton (Tar:7)
  An orc zombie (Tar:3)
  14 rats
  A briar patch (Swamp:4)
  3 crawling corpses (Elf:3)
  A lurking horror (Abyss:4)
  4 macabre masses (Abyss:4)
  5 starspawn tentacles (Abyss:4)
2641 creatures vanquished.

Vanquished Creatures (collateral kills)
  A fire giant (Depths:1)
  A cacodemon (Dis:7)
  A death ooze (Slime:5)
  A fire dragon (Depths:3)
  2 ogre magi
  A vault guard (Vaults:4)
  2 alligators
  2 spriggans
  A wizard (D:15)
  A hill giant (D:15)
  A lindwurm (Lair:6)
  2 shining eyes
  A cyclops (D:15)
  2 ugly things (Depths:1)
  A centaur zombie (D:15)
  2 black mambas (Lair:6)
  4 spiny frogs
  Psyche (D:12)
  2 komodo dragons
  A rime drake (Lair:3)
  A yaktaur (D:14)
  A meliai (D:15)
  A two-headed ogre (Depths:1)
  3 hornets
  A slime creature (Slime:5)
  A blink frog (Lair:3)
  2 hippogriffs (Lair:6)
  A shadow (D:13)
  2 redbacks (Lair:6)
  A centaur simulacrum (D:15)
  A fire bat (Lair:6)
  5 yaks
  2 wyverns (Lair:6)
  2 basilisks
  A vampire mosquito (Lair:3)
  2 swamp worms
  2 nagas
  4 water moccasins
  An eye of draining (D:8)
  A slave (D:4)
  A swamp drake (Swamp:1)
  A black bear (D:13)
  2 ogres
  2 centaurs
  4 crocodiles
  2 bullfrogs
  A scorpion (D:12)
  7 killer bees (D:11)
  A wight (D:15)
  An orc priest (D:10)
  A hound (Lair:6)
  A bullfrog skeleton (D:13)
  2 iron imps (Dis:7)
  2 worker ants (Lair:6)
  A hound zombie (D:6)
  Robin (D:2)
  2 adders (Lair:6)
  3 river rats (D:11)
  A worm (D:2)
  A leopard gecko (D:6)
  3 orcs (D:6)
  A goblin (D:2)
  2 hobgoblins (D:2)
  3 bats (D:11)
  4 rats (D:11)
  2 fungi
  11 plants
128 creatures vanquished.

Vanquished Creatures (others)
  2 eldritch tentacles
  An alligator (Swamp:1)
  A deep elf knight (Vaults:5)
  A wretched star (Abyss:4)
  2 rust devils (Dis:7)
  A smoke demon (Abyss:4)
  A bog body (Swamp:4)
  A slime creature (Slime:5)
  A flying skull (Dis:2)
  A spriggan (Swamp:3)
  2 swamp drakes (Swamp:1)
  A slave (D:4)
  An ogre (Vaults:4)
  A necrophage (Tar:5)
  An iron imp (Dis:4)
  A white imp (Abyss:4)
  12 fungi
  2 lurking horrors (Abyss:4)
  14 plants
  17 starspawn tentacles
64 creatures vanquished.

Grand Total: 2833 creatures vanquished

Notes
Turn   | Place    | Note
-------+----------+-------------------------------------------
     0 | D:1      | M4edhros the Octopode Necromancer began the quest for the Orb.
     0 | D:1      | Reached XP level 1. HP: 11/11 MP: 3/3
   168 | D:2      | Found a radiant altar of Vehumet.
   186 | D:2      | Noticed Robin
   229 | D:1      | Reached skill level 1 in Unarmed Combat
   298 | D:1      | Reached XP level 2. HP: 14/17 MP: 5/5
   502 | D:2      | Reached XP level 3. HP: 20/21 MP: 3/6
   512 | D:2      | Learned a level 1 spell: Animate Skeleton
   516 | D:2      | Learned a level 3 spell: Regeneration
   528 | D:2      | Found an iron altar of Okawaru.
   528 | D:2      | Noticed Terence
   559 | D:2      | Killed Terence
   559 | D:2      | Reached XP level 4. HP: 13/27 MP: 0/7
   583 | D:2      | Noticed Natasha
   593 | D:2      | Killed Natasha
   597 | D:2      | Noticed Natasha
   606 | D:2      | Killed Natasha
   648 | D:2      | Reached XP level 5. HP: 31/31 MP: 2/8
   705 | D:2      | Noticed Natasha
   722 | D:2      | Killed Natasha
   730 | D:2      | Reached skill level 5 in Unarmed Combat
   734 | D:2      | Killed Robin
   835 | D:4      | Found Xobun's Armour Shop.
   852 | D:4      | Bought a +0 shield for 45 gold pieces
   889 | D:4      | Found Wipnus's Antique Weapon Shop.
   986 | D:4      | Noticed an ogre
   987 | D:4      | Noticed a slave
   989 | D:4      | Noticed a slave
  1002 | D:4      | Reached XP level 6. HP: 26/37 MP: 5/9
  1010 | D:4      | Reached skill level 1 in Fighting
  1031 | D:4      | Noticed a slave
  1037 | D:4      | Noticed a slave
  1080 | D:4      | Killed a slave
  1128 | D:4      | Killed a slave
  1141 | D:4      | Noticed a phantom
  1159 | D:4      | Noticed Pikel
  1162 | D:4      | Killed a slave
  1273 | D:4      | Killed Pikel
  1273 | D:4      | Reached XP level 7. HP: 26/46 MP: 2/10
  1273 | D:4      | Reached XP level 8. HP: 29/52 MP: 2/11
  1361 | D:4      | Found Usu Cea's Assorted Antiques.
  1449 | D:4      | Bought an ichor-stained scythe for 136 gold pieces
  1449 | D:4      | Identified the cursed +3 scythe of Premature Burial {antimagic, rC+ MR+ Stlth+} (You bought it in a shop on level 4 of the Dungeon)
  1520 | D:5      | Entered Level 5 of the Dungeon
  1599 | D:5      | Found a deep blue altar of Sif Muna.
  1599 | D:5      | Found a white marble altar of Elyvilon.
  1609 | D:5      | Noticed Sigmund
  1620 | D:5      | Killed Sigmund
  1763 | D:6      | HP: 1/54 [orc warrior/trident (16)]
  2285 | D:6      | Reached skill level 5 in Dodging
  2337 | D:6      | Reached XP level 9. HP: 7/60 MP: 3/12
  2433 | D:6      | Reached skill level 5 in Fighting
  2697 | D:7      | Found a staircase to the Ecumenical Temple.
  2716 | Temple   | Entered the Ecumenical Temple
  2742 | Temple   | Became a worshipper of Cheibriados the Contemplative
  3244 | D:4      | Found a basalt altar of Yredelemnul.
  3302 | D:3      | Found a faded altar of an unknown god.
  3481 | D:2      | Reached * piety under Cheibriados
  3555 | D:3      | Found a runed door.
  3559 | D:3      | Noticed Crazy Yiuf
  3564 | D:3      | Killed Crazy Yiuf
  3766 | D:4      | Bought 2 potions of curing for 102 gold pieces
  3766 | D:4      | Bought a glowing golden potion for 15 gold pieces
  3932 | D:8      | Found Qioqek's Antique Weapon Emporium.
  3973 | D:8      | Noticed a hornet
  3976 | D:8      | Killed a hornet
  3994 | D:8      | Reached skill level 10 in Unarmed Combat
  4047 | D:8      | Found a blossoming altar of Fedhas.
  4049 | D:8      | Found an ancient bone altar of Kikubaaqudgha.
  4126 | D:8      | Learned a level 3 spell: Ozocubu's Armour
  4130 | D:8      | Learned a level 3 spell: Inner Flame
  4158 | D:8      | Found a stormy altar of Qazlal.
  4404 | D:8      | Reached ** piety under Cheibriados
  4449 | D:9      | Noticed flt's ghost (novice DrCj)
  4491 | D:9      | Reached XP level 10. HP: 68/68 MP: 10/13
  4528 | D:9      | Killed flt's ghost
  4613 | D:9      | Found a snail-covered altar of Cheibriados.
  4666 | D:9      | Found a hide-covered altar of Uskayaw.
  4838 | D:9      | Found a staircase to the Orcish Mines.
  4840 | D:9      | Found Fonopt's Weapon Shoppe.
  4913 | D:10     | Entered Level 10 of the Dungeon
  4981 | D:10     | Reached skill level 1 in Shields
  4985 | D:10     | Noticed a hill giant
  5010 | D:10     | Killed a hill giant
  5062 | D:10     | Got a sparkling iron ring
  5063 | D:10     | Identified the ring of Ulock {AC+6 Str+3 Dex+3 Slay-2} (You found it on level 10 of the Dungeon)
  5119 | D:10     | Reached *** piety under Cheibriados
  5164 | D:10     | Noticed Snorg
  5250 | D:11     | Noticed a hill giant
  5257 | D:11     | Killed an unseen horror
  5257 | D:11     | Reached XP level 11. HP: 57/74 MP: 12/16
  5262 | D:11     | Killed an unseen horror
  5262 | D:11     | Reached skill level 5 in Shields
  5275 | D:11     | Killed a hill giant
  5281 | D:11     | Noticed a white ugly thing
  5288 | D:11     | Killed a white ugly thing
  5337 | D:11     | Reached **** piety under Cheibriados
  5350 | D:11     | Learned a level 4 spell: Animate Dead
  5354 | D:11     | Learned a level 3 spell: Gell's Gravitas
  5420 | D:11     | Reached skill level 1 in Invocations
  5435 | D:11     | Reached ***** piety under Cheibriados
  5494 | D:11     | Noticed a six-headed hydra
  5496 | D:11     | Noticed a hill giant
  5499 | D:11     | Noticed an orb spider
  5499 | D:11     | a wind drake changed into an orb spider
  5503 | D:11     | Reached skill level 5 in Invocations
  5504 | D:11     | Killed an orb spider
  5507 | D:11     | Killed a hill giant
  5510 | D:11     | Killed a six-headed hydra
  5630 | D:11     | Noticed an ogre mage
  5635 | D:11     | Killed an ogre mage
  5645 | D:11     | Reached XP level 12. HP: 80/80 MP: 16/18
  5783 | D:11     | Found a staircase to the Lair.
  6123 | D:12     | Noticed Maurice
  6130 | D:12     | Killed Maurice
  6161 | D:12     | Found a flagged portal.
  6166 | Bailey   | Entered a bailey
  6171 | Bailey   | Noticed an orc warlord
  6255 | Bailey   | Found a runed gate.
  6256 | Bailey   | Found a runed gate.
  6257 | Bailey   | Found a runed gate.
  6498 | Bailey   | Killed an orc warlord
  6560 | D:12     | Identified a scroll of acquirement
  6561 | D:12     | Got a jewelled shield
  6567 | D:12     | Identified the +3 shield of Tuyzxowo {+Blink Regen+ rCorr Slay-4} (You acquired it on level 12 of the Dungeon)
  6638 | D:12     | Noticed a centaur warrior
  6702 | D:12     | Killed a centaur warrior
  6774 | D:12     | Reached XP level 13. HP: 86/86 MP: 19/19
  6797 | D:12     | Noticed Psyche
  6804 | D:12     | Killed Psyche
  7072 | D:13     | Found Quen's Armour Shop.
  7083 | D:13     | Reached ****** piety under Cheibriados
  7148 | D:13     | HP: 3/88 [harpy (12)]
  7151 | D:13     | HP: 1/88 [harpy (12)]
  7344 | D:13     | Reached XP level 14. HP: 94/94 MP: 20/20
  7396 | D:13     | Found a sacrificial altar of Ru.
  7474 | D:13     | Gained mutation: Your system is resistant to poisons. (rPois) [mutagenic meat]
  7845 | D:8      | Bought a polished hunting sling for 175 gold pieces
  7845 | D:8      | Identified the +8 hunting sling "Worm" {velocity, rC+ Int+5} (You bought it in a shop on level 8 of the Dungeon)
  7952 | Lair:1   | Entered Level 1 of the Lair of Beasts
  8104 | Lair:2   | Noticed Nergalle
  8114 | Lair:2   | Killed Nergalle
  8171 | Lair:2   | Reached skill level 5 in Spellcasting
  8284 | Lair:2   | Gained mutation: You are surrounded by a mild repulsion field. (EV +2) [potion of mutation]
  8284 | Lair:2   | Gained mutation: You are robust. (+10% HP) [potion of mutation]
  8284 | Lair:2   | Gained mutation: Your muscles are strong. (Str +2) [potion of mutation]
  8526 | Lair:3   | Learned a level 6 spell: Statue Form
  8637 | Lair:3   | Reached skill level 1 in Transmutations
  8720 | Lair:3   | Reached skill level 1 in Earth Magic
  8787 | Lair:3   | Found a staircase to the Swamp.
  8922 | Lair:5   | Noticed Rupert
  8929 | Lair:5   | Killed Rupert
  9049 | Lair:5   | Found a labyrinth entrance.
  9064 | Lab      | Entered a labyrinth
  9168 | Lab      | Identified Qetirury's Volume of Doomed Transmigration
  9177 | Lab      | Got a steaming crystal plate armour
  9179 | Lab      | Identified the +7 crystal plate armour "Qempy" {rPois} (You took it off a minotaur in a labyrinth)
  9769 | Lair:5   | Gained mutation: You are agile. (Dex +2) [potion of beneficial mutation]
  9795 | Lair:5   | Reached skill level 10 in Fighting
  9886 | Lair:6   | Entered Level 6 of the Lair of Beasts
  9902 | Lair:6   | Found a staircase to the Slime Pits.
 10049 | Lair:6   | Reached XP level 15. HP: 101/113 MP: 23/23
 10098 | Lair:6   | Found a dark tunnel.
 10115 | Volcano  | Entered a volcano
 10192 | Volcano  | Reached skill level 5 in Earth Magic
 10231 | Volcano  | Reached skill level 5 in Transmutations
 10271 | Volcano  | Found a bloodstained altar of Trog.
 10296 | Volcano  | Found a bloodstained altar of Trog.
 10891 | D:10     | Noticed Gastronok
 10900 | D:10     | Killed Gastronok
 11000 | D:13     | Gained mutation: Your mind is acute. (Int +2) [mutagenic meat]
 11001 | D:13     | Gained mutation: One of your tentacles bears a spike. [mutagenic meat]
 11002 | D:13     | Gained mutation: Your spells are a little easier to cast, but a little less powerful. [mutagenic meat]
 11003 | D:13     | Lost mutation: Your system is resistant to poisons. (rPois) [mutagenic meat]
 11004 | D:13     | Gained mutation: You have a pair of small antennae on your head. [mutagenic meat]
 11100 | D:14     | Got an ancient mace
 11277 | D:14     | Gained mutation: You possess an exceptional clarity of mind. [mutagenic meat]
 11373 | D:14     | Found a gate to the Vaults.
 11704 | D:15     | Entered Level 15 of the Dungeon
 11843 | D:15     | Reached XP level 16. HP: 119/119 MP: 24/24
 11863 | D:15     | Found a staircase to the Depths.
 12067 | D:15     | Found a basalt altar of Yredelemnul.
 12145 | D:15     | Reached skill level 10 in Earth Magic
 12166 | D:15     | Reached skill level 10 in Transmutations
 12301 | D:10     | Killed Snorg
 12327 | Orc:1    | Entered Level 1 of the Orcish Mines
 12330 | Orc:1    | Found a roughly hewn altar of Beogh.
 12334 | Orc:1    | Noticed Urug
 12354 | Orc:1    | Killed Urug
 12396 | Orc:2    | Entered Level 2 of the Orcish Mines
 12487 | Orc:2    | Noticed Josephine
 12494 | Orc:2    | Killed Josephine
 12587 | Orc:2    | Gained mutation: Scrolls take you a little longer to read. [a neqoxec]
 12606 | Orc:2    | Found Pyhawoum's General Store.
 12606 | Orc:2    | Found Noclulafiepp's Gadget Emporium.
 12607 | Orc:2    | Found Pyophap's Magic Scroll Shoppe.
 12607 | Orc:2    | Found Beffaus's Distillery.
 12615 | Orc:2    | Bought a potion of mutation for 35 gold pieces
 12617 | Orc:2    | Lost mutation: Your spells are a little easier to cast, but a little less powerful. [potion of mutation]
 12617 | Orc:2    | Gained mutation: Your flesh is cold resistant. (rC+) [potion of mutation]
 12700 | Orc:2    | Found a roughly hewn altar of Beogh.
 12790 | Orc:2    | Found a staircase to the Elven Halls.
 12970 | Orc:2    | Bought a +4 rod of inaccuracy (9/9) for 1350 gold pieces
 12971 | Orc:2    | Bought a potion of heal wounds for 70 gold pieces
 12971 | Orc:2    | Bought a potion of resistance for 140 gold pieces
 13209 | Swamp:1  | Entered Level 1 of the Swamp
 13662 | Swamp:3  | Noticed Nikola
 13678 | Swamp:3  | Killed Nikola
 13749 | Swamp:4  | Entered Level 4 of the Swamp
 13755 | Swamp:4  | Reached XP level 17. HP: 127/127 MP: 26/26
 14193 | Swamp:4  | Identified the cursed +1 mace "Xath" {freeze, rF+ rC- MR+++ Stlth+} (You found it on level 14 of the Dungeon)
 14349 | Swamp:4  | Reached skill level 10 in Dodging
 14416 | Swamp:4  | Got a decaying rune of Zot
 14599 | Swamp:1  | it seems as possible highscore
 14599 | Swamp:1  | i go fast, and got already swamp lair dungeon orc cleared, 11 dex from rings, -6 slay though xd but still i manage to kill in statue form!
 14624 | Lair:3   | need mr fast..
 14624 | Lair:3   | otherwise it will be hard
 14624 | Lair:3   | clarity though : )
 14665 | Lair:3   | Got a twisted long sword
 14668 | Lair:3   | Identified the +4 long sword of the Land of Plenty {drain, *Noise Str+2 Int+6} (You found it on level 3 of the Lair of Beasts)
 14835 | Lair:2   | Found a staircase to the Snake Pit.
 14869 | Snake:1  | Entered Level 1 of the Snake Pit
 14935 | Snake:1  | Reached skill level 1 in Evocations
 14994 | Snake:1  | found 1 ring of mr
 14994 | Snake:1  | good!
 15018 | Snake:1  | Noticed Frances
 15031 | Snake:1  | Killed Frances
 15396 | Snake:3  | Learned a level 2 spell: Song of Slaying
 15399 | Snake:3  | Learned a level 2 spell: Shroud of Golubria
 15445 | Snake:4  | Entered Level 4 of the Snake Pit
 15532 | Snake:4  | Reached skill level 5 in Evocations
 15532 | Snake:4  | Reached XP level 18. HP: 136/136 MP: 27/29
 15757 | Snake:4  | Learned a level 2 spell: Repel Missiles
 15761 | Snake:4  | Learned a level 3 spell: Mephitic Cloud
 15918 | Snake:4  | Got a serpentine rune of Zot
 15935 | Snake:4  | Lost mutation: You have a pair of small antennae on your head. [mutagenic meat]
 15936 | Snake:4  | Gained mutation: Your body sometimes deteriorates upon taking damage. [mutagenic meat]
 15938 | Snake:4  | Lost mutation: You are robust. (+10% HP) [mutagenic meat]
 15939 | Snake:4  | Lost mutation: You possess an exceptional clarity of mind. [mutagenic meat]
 15944 | Snake:4  | Found a bloodstained altar of Trog.
 16276 | Elf:1    | Entered Level 1 of the Elven Halls
 16297 | Elf:1    | Noticed Aizul
 16305 | Elf:1    | Killed Aizul
 16373 | Elf:1    | Found a magical portal.
 16402 | WizLab   | Entered The Hall of the Hellbinder
 16709 | WizLab   | Noticed Seranen
 16722 | WizLab   | Killed Seranen the Hellbinder
 16728 | WizLab   | Found a burning altar of Makhleb.
 16744 | WizLab   | Identified the Compendium of Creation
 16769 | WizLab   | just got ring of fire res! nice!
 16787 | WizLab   | Identified Sif Muna's Papyrus of Calling
 16872 | WizLab   | Reached XP level 19. HP: 132/132 MP: 31/31
 17071 | Elf:2    | Found Lyrghoyrch's Jewellery Shop.
 17137 | Elf:2    | Found a deep blue altar of Sif Muna.
 17143 | Elf:3    | Entered Level 3 of the Elven Halls
 17261 | Elf:3    | Reached skill level 10 in Evocations
 17264 | Elf:3    | Reached skill level 15 in Unarmed Combat
 17383 | Elf:3    | Got a ring of the Octopus King
 17385 | Elf:3    | Identified a ring of the Octopus King {rCorr AC+1 EV+1 Str+1 Int+1 Dex+1} (You took it off a deep elf death mage on level 3 of the Elven Halls)
 17392 | Elf:3    | Got a glittering silver amulet
 17457 | Elf:3    | Got a shimmering hat
 17468 | Elf:3    | Identified the +2 hat of Ennui {*Drain Str+5 Int+2 SInv} (You acquired it on level 3 of the Elven Halls)
 17490 | Elf:3    | Got a slimy bronze ring
 17491 | Elf:3    | Identified the ring of Zamopp {rC++ Int+2 Slay-4} (You found it on level 3 of the Elven Halls)
 17492 | Elf:3    | wtf is this game!!!
 17492 | Elf:3    | yet another item with -slaying!
 17492 | Elf:3    | it will be best score of any octopode winning with lowest slaying bonus xd
 17920 | Depths:1 | Entered Level 1 of the Depths
 18002 | Depths:1 | Found a gateway to a ziggurat.
 18036 | Depths:1 | Found Voublenee's Antique Armour Shop.
 18040 | Depths:1 | Found Gofeng's Distillery.
 18057 | Depths:1 | Found a flickering gateway to a bazaar.
 18063 | Depths:1 | Found an ancient bone altar of Kikubaaqudgha.
 18079 | Depths:1 | Reached XP level 20. HP: 139/139 MP: 19/33
 18082 | Depths:1 | Reached skill level 15 in Shields
 18114 | Depths:1 | Lost mutation: Your flesh is cold resistant. (rC+) [mutagenic meat]
 18118 | Depths:1 | Gained mutation: Scrolls take you longer to read. [mutagenic meat]
 18121 | Depths:1 | Gained mutation: You have very sharp teeth. [mutagenic meat]
 18128 | Depths:1 | Gained mutation: You passively map a small area around you. [mutagenic meat]
 18129 | Depths:1 | Lost mutation: Scrolls take you longer to read. [mutagenic meat]
 18138 | Depths:1 | Gained mutation: You are partially covered in yellow scales. (AC +2) [mutagenic meat]
 18167 | Depths:1 | Gained mutation: You are partially covered in large bone plates. (SH +4) [mutagenic meat]
 18171 | Depths:1 | Lost mutation: Scrolls take you a little longer to read. [mutagenic meat]
 18180 | Bazaar   | Entered a bazaar
 18184 | Bazaar   | Found Orchai's Jewellery Emporium.
 18192 | Bazaar   | at last some +slay ring!
 18192 | Bazaar   | Found Jaakhlir's General Store.
 18203 | Bazaar   | Found Mudix's Antique Armour Boutique.
 18214 | Bazaar   | Found Diodecod's Magic Scroll Shoppe.
 18216 | Bazaar   | Found Oklucroi's Antique Weapon Shoppe.
 18252 | Bazaar   | Bought a ring of Bicwul {Wiz Str+3 Dex-3 Slay+3} for 694 gold pieces
 18252 | Bazaar   | Bought an uncursed ring of wizardry for 420 gold pieces
 18252 | Bazaar   | Bought an uncursed ring of protection from magic for 350 gold pieces
 18288 | Bazaar   | Bought a scroll of identify for 22 gold pieces
 18288 | Bazaar   | Identified the amulet of Jarph {Gourm rF++ MR+ Str+2} (You took it off a deep elf blademaster on level 3 of the Elven Halls)
 18289 | Bazaar   | what an amulet! Rf++ mr+
 18311 | Bazaar   | Bought a scroll of identify for 26 gold pieces
 18404 | Depths:1 | Found a one-way gate to the infinite horrors of the Abyss.
 18435 | Depths:1 | Found Ypaitu's Antique Armour Emporium.
 18523 | Depths:1 | Found a gateway to Hell.
 18647 | Depths:1 | Reached skill level 10 in Spellcasting
 18755 | Depths:1 | Lost mutation: Your body sometimes deteriorates upon taking damage. [potion of mutation]
 18755 | Depths:1 | Lost mutation: Your muscles are strong. (Str +2) [potion of mutation]
 18782 | Depths:1 | Bought a potion of mutation for 45 gold pieces
 18782 | Depths:1 | Gained mutation: You expend magic power (3 MP) to strengthen your wands. [potion of mutation]
 18782 | Depths:1 | Lost mutation: You are agile. (Dex +2) [potion of mutation]
 18816 | Depths:1 | Voluntarily entered the Abyss.
 18885 | Abyss:1  | Lost mutation: You expend magic power (3 MP) to strengthen your wands. [mutagenic meat]
 18888 | Abyss:1  | Lost mutation: You are surrounded by a mild repulsion field. (EV +2) [mutagenic meat]
 18925 | Abyss:1  | Noticed a bone dragon
 18938 | Abyss:1  | Killed a bone dragon
 18941 | Abyss:1  | Noticed a bone dragon
 18951 | Abyss:1  | Killed a bone dragon
 18981 | Abyss:1  | Noticed a bone dragon
 18990 | Abyss:1  | Killed a bone dragon
 19045 | Abyss:1  | Found a deep blue altar of Sif Muna.
 19131 | Abyss:2  | Gained mutation: You expend magic power (3 MP) to strengthen your wands. [mutagenic meat]
 19132 | Abyss:2  | Gained mutation: One of your tentacles bears a nasty spike. [mutagenic meat]
 19133 | Abyss:2  | Gained mutation: You are surrounded by a mild repulsion field. (EV +2) [mutagenic meat]
 19507 | Abyss:4  | Gained mutation: Your spells are a little easier to cast, but a little less powerful. [a cacodemon]
 19509 | Abyss:4  | Reached skill level 10 in Invocations
 19514 | Abyss:4  | Lost mutation: Your mind is acute. (Int +2) [a cacodemon]
 19542 | Abyss:4  | Gained mutation: You are weak. (Str -2) [a neqoxec]
 19547 | Abyss:4  | Gained mutation: You are frail. (-10% HP) [a neqoxec]
 19579 | Abyss:4  | Reached XP level 21. HP: 131/131 MP: 35/35
 19680 | Abyss:4  | Got an abyssal rune of Zot
 19729 | Abyss:4  | Paralysed by a lich for 5 turns
 19860 | Abyss:4  | Lost mutation: You are frail. (-10% HP) [mutagenic meat]
 19862 | Abyss:4  | Gained mutation: Your mind is acute. (Int +2) [mutagenic meat]
 19865 | Abyss:4  | Lost mutation: One of your tentacles bears a nasty spike. [mutagenic meat]
 19867 | Abyss:4  | Gained mutation: Scrolls take you a little longer to read. [mutagenic meat]
 19869 | Abyss:4  | Gained mutation: Your spells are easier to cast, but less powerful. [a shining eye]
 19920 | Abyss:4  | Gained mutation: Scrolls take you longer to read. [a neqoxec]
 19977 | Abyss:4  | Noticed a bone dragon
 19987 | Depths:1 | Escaped the Abyss
 19991 | Depths:1 | Killed a bone dragon
 20271 | Slime:1  | Entered Level 1 of the Pits of Slime
 20284 | Slime:1  | Gained mutation: You occasionally shout uncontrollably at your foes. [a shining eye]
 20312 | Slime:3  | Gained mutation: You sometimes yell uncontrollably at your foes. [a shining eye]
 20313 | Slime:3  | Gained mutation: You are frail. (-10% HP) [a shining eye]
 20333 | Slime:3  | Gained mutation: Your spells are much easier to cast, but much less powerful. [a shining eye]
 20340 | Slime:3  | Gained mutation: Scrolls take you much longer to read. [a shining eye]
 20605 | Elf:1    | Learned a level 4 spell: Summon Lightning Spire
 20611 | Elf:1    | Learned a level 5 spell: Aura of Abjuration
 20879 | Slime:5  | Entered Level 5 of the Pits of Slime
 20884 | Slime:5  | Gained mutation: You tend to lose your temper in combat. [a shining eye]
 20891 | Slime:5  | Gained mutation: You frequently scream uncontrollably at your foes. [a shining eye]
 20898 | Slime:5  | Reached skill level 1 in Translocations
 20913 | Slime:4  | Reached skill level 1 in Summonings
 21017 | Slime:5  | Reached XP level 22. HP: 122/138 MP: 37/37
 21020 | Slime:5  | Noticed the Royal Jelly
 21049 | Slime:5  | Killed the Royal Jelly
 21071 | Slime:4  | that was hella fuckin lucky..
 21226 | Slime:5  | Lost mutation: You tend to lose your temper in combat. [potion of mutation]
 21226 | Slime:5  | Lost mutation: You frequently scream uncontrollably at your foes. [potion of mutation]
 21234 | Slime:5  | Reached skill level 5 in Translocations
 21364 | Slime:5  | Got a sparkling steel ring
 21368 | Slime:5  | Identified the ring of Suoruck {rC+ MR+} (You found it on level 5 of the Pits of Slime)
 21373 | Slime:5  | Got a slimy rune of Zot
 21878 | Depths:2 | Lost mutation: You are surrounded by a mild repulsion field. (EV +2) [mutagenic meat]
 21884 | Depths:2 | Lost mutation: Scrolls take you much longer to read. [mutagenic meat]
 22000 | Depths:2 | Lost mutation: You are frail. (-10% HP) [mutagenic meat]
 22001 | Depths:2 | Lost mutation: Scrolls take you longer to read. [mutagenic meat]
 22202 | Depths:3 | Reached skill level 5 in Summonings
 22246 | Depths:3 | Lost mutation: Scrolls take you a little longer to read. [mutagenic meat]
 22254 | Depths:3 | Lost mutation: You expend magic power (3 MP) to strengthen your wands. [mutagenic meat]
 22262 | Depths:3 | Found a blossoming altar of Fedhas.
 22264 | Depths:3 | Found an iron altar of Okawaru.
 22267 | Depths:3 | Found a one-way gate leading to the halls of Pandemonium.
 22311 | Depths:3 | Lost mutation: You are weak. (Str -2) [mutagenic meat]
 22313 | Depths:3 | Gained mutation: You possess an exceptional clarity of mind. [mutagenic meat]
 22314 | Depths:3 | Lost mutation: Your spells are much easier to cast, but much less powerful. [mutagenic meat]
 22316 | Depths:3 | Gained mutation: Your skin blends seamlessly with your surroundings (Stealth++). [mutagenic meat]
 22317 | Depths:3 | Lost mutation: One of your tentacles bears a spike. [mutagenic meat]
 22318 | Depths:3 | Lost mutation: Your mind is acute. (Int +2) [mutagenic meat]
 22319 | Depths:3 | Gained mutation: You are partially covered in iridescent scales. (AC +2) [mutagenic meat]
 22325 | Depths:3 | Found a radiant altar of Vehumet.
 22356 | Depths:3 | Lost mutation: You are partially covered in iridescent scales. (AC +2) [mutagenic meat]
 22371 | Depths:3 | Gained mutation: You evolve. [mutagenic meat]
 22372 | Depths:3 | Gained mutation: Scrolls take you a little longer to read. [mutagenic meat]
 22374 | Depths:3 | Gained mutation: You are weak. (Str -2) [mutagenic meat]
 22408 | Depths:3 | Noticed a caustic shrike
 22414 | Depths:3 | Killed a caustic shrike
 22414 | Depths:3 | Reached XP level 23. HP: 160/160 MP: 26/39
 22445 | Depths:3 | Noticed a juggernaut
 22452 | Depths:3 | Killed a juggernaut
 22460 | Depths:3 | Reached skill level 15 in Evocations
 22475 | Depths:3 | Lost mutation: Your spells are easier to cast, but less powerful. [mutagenic meat]
 22477 | Depths:3 | Gained mutation: You are robust. (+10% HP) [mutagenic meat]
 22588 | Depths:3 | Gained mutation: Your flesh is heat resistant. (rF+) [evolution]
 22588 | Depths:3 | Lost mutation: You evolve. [end of evolution]
 22605 | Depths:3 | Identified a +4 rod of inaccuracy (9/9) (You found it on level 3 of the Depths)
 22656 | Depths:3 | Noticed a juggernaut
 22665 | Depths:3 | Killed a juggernaut
 22715 | Depths:3 | Gained mutation: You are mostly covered in large bone plates. (SH +6) [mutagenic meat]
 22789 | Depths:3 | Reached skill level 10 in Translocations
 22899 | Depths:3 | Lost mutation: Your flesh is heat resistant. (rF+) [mutagenic meat]
 22900 | Depths:3 | Lost mutation: You are partially covered in yellow scales. (AC +2) [mutagenic meat]
 22901 | Depths:3 | Lost mutation: Your spells are a little easier to cast, but a little less powerful. [mutagenic meat]
 22906 | Depths:3 | Gained mutation: You are partially covered in thin metallic scales. (AC +2) [mutagenic meat]
 22914 | Depths:3 | Lost mutation: You are weak. (Str -2) [mutagenic meat]
 22915 | Depths:3 | Gained mutation: You have a pair of small antennae on your head. [mutagenic meat]
 22919 | Depths:3 | Gained mutation: You are agile. (Dex +2) [mutagenic meat]
 22920 | Depths:3 | Lost mutation: You sometimes yell uncontrollably at your foes. [mutagenic meat]
 23041 | Depths:1 | Learned a level 6 spell: Deflect Missiles
 23103 | Vaults:1 | Entered Level 1 of the Vaults
 23113 | Vaults:1 | Reached skill level 1 in Charms
 23131 | Vaults:1 | Lost mutation: You have a pair of small antennae on your head. [mutagenic meat]
 23188 | Vaults:1 | Reached skill level 1 in Air Magic
 23470 | Vaults:4 | Reached XP level 24. HP: 182/182 MP: 40/40
 23493 | Vaults:4 | Gained mutation: Your muscles are strong. (Str +2) [mutagenic meat]
 23678 | Vaults:4 | Lost mutation: Scrolls take you a little longer to read. [mutagenic meat]
 23679 | Vaults:4 | Gained mutation: Your flesh is heat resistant. (rF+) [mutagenic meat]
 23680 | Vaults:4 | Lost mutation: Your skin blends seamlessly with your surroundings (Stealth++). [mutagenic meat]
 23694 | Vaults:5 | Entered Level 5 of the Vaults
 23709 | Vaults:5 | Noticed eggzz's ghost (adept MiBe)
 23739 | Vaults:5 | Noticed Bai Suzhen
 23762 | Vaults:5 | Reached skill level 5 in Charms
 23765 | Vaults:5 | Killed eggzz's ghost
 23768 | Vaults:5 | Noticed an ancient lich
 23769 | Vaults:5 | Killed Bai Suzhen
 23769 | Vaults:5 | Reached skill level 5 in Air Magic
 23775 | Vaults:5 | Killed an ancient lich
 23780 | Vaults:5 | Reached skill level 15 in Spellcasting
 23783 | Vaults:5 | Reached XP level 25. HP: 180/188 MP: 14/42
 23865 | Vaults:5 | Identified the Disquisition on Orientation
 23876 | Vaults:5 | Learned a level 7 spell: Malign Gateway
 23914 | Vaults:5 | Gained mutation: You are dopey. (Int -2) [mutagenic meat]
 24224 | Vaults:5 | Got a ring of the Octopus King
 24226 | Vaults:5 | Identified a ring of the Octopus King {AC+1 EV+1 Str+1 Int+1 Dex+1 Stlth+} (You took it off a tengu reaver on level 5 of the Vaults)
 24229 | Vaults:5 | second ring of the octopus - stealth, first one was rcorr
 24408 | Vaults:5 | Reached skill level 10 in Summonings
 24455 | Vaults:5 | Lost mutation: Your muscles are strong. (Str +2) [mutagenic meat]
 24456 | Vaults:5 | Lost mutation: You are agile. (Dex +2) [mutagenic meat]
 24468 | Vaults:5 | Got a silver rune of Zot
 25050 | Hell     | Entered the Vestibule of Hell
 25050 | Hell     | Noticed Geryon
 25144 | Hell     | Reached skill level 10 in Charms
 25196 | Hell     | Killed Geryon
 25203 | Hell     | Noticed Murray
 25203 | Hell     | Reached XP level 26. HP: 195/195 MP: 28/42
 25212 | Hell     | Killed Murray
 25273 | Hell     | Found a gateway to the decaying netherworld of Tartarus.
 25281 | Tar:1    | Entered Level 1 of Tartarus
 25986 | Tar:2    | Gained mutation: Your magical capacity is low. (-10% MP) [mutagenic glow]
 26306 | Tar:3    | Reached XP level 27. HP: 199/199 MP: 39/39
 26435 | Tar:3    | Reached skill level 15 in Charms
 26506 | Tar:3    | Reached skill level 15 in Translocations
 26868 | Tar:4    | Gained mutation: Scrolls take you a little longer to read. [mutagenic glow]
 26896 | Tar:4    | Reached skill level 15 in Summonings
 27192 | Tar:6    | one of the worst tartarus 1-6 ever...
 27229 | Tar:7    | Entered Level 7 of Tartarus
 27386 | Tar:7    | Identified the Reference Book on Good Luck and Companions
 27395 | Tar:7    | Learned a level 5 spell: Summon Forest
 27564 | Tar:7    | Noticed an ancient lich
 27569 | Tar:7    | Killed an ancient lich
 27635 | Tar:7    | Noticed Ereshkigal
 27645 | Tar:7    | Killed Ereshkigal
 27678 | Tar:7    | Got a bone rune of Zot
 27889 | Hell     | Found a gateway to the Iron City of Dis.
 27899 | Dis:1    | Entered Level 1 of the Iron City of Dis
 28037 | Dis:2    | Gained mutation: Your body sometimes deteriorates upon taking damage. [a cacodemon]
 28039 | Dis:2    | Gained mutation: Scrolls take you longer to read. [a cacodemon]
 28858 | Dis:7    | Entered Level 7 of the Iron City of Dis
 28985 | Dis:7    | Demolished by a reaper

Skill      XL: |  1  2  3  4  5  6  7  8  9 10 11 12 13 14 15 16 17 18 19 20 21 22 23 24 25 26 27 |
---------------+----------------------------------------------------------------------------------+-----
Unarmed Combat | 1 2 3 4 5 7 8 10 11 13 14 15 16 17 | 17.1
Fighting       | 3 4 6 7 8 10 11 12 13 14 | 14.7
Dodging        | 3 5 6 8 9 10 11 12 13 14 | 14.8
Shields        | 4 6 12 13 14 15 | 15.2
Spellcasting   | 3 4 5 6 7 8 9 10 11 12 13 15 16 19 | 19.1
Invocations    | 8 9 10 | 10.7
Transmutations | 4 9 11 | 11.0
Earth Magic    | 4 9 11 | 11.1
Evocations     | 5 8 10 12 14 15 | 15.5
Translocations | 2 8 10 12 13 14 17 | 17.0
Summonings     | 1 5 7 9 11 13 19 | 19.0
Charms         | 1 5 10 14 15 | 15.0
Air Magic      | 1 5 6 |  6.5
Slings         | |  0.8
Stealth        | |  2.6
Necromancy     | |  4.0

Action                   |  1- 3 |  4- 6 |  7- 9 | 10-12 | 13-15 | 16-18 | 19-21 | 22-24 | 25-27 || total
-------------------------+-------+-------+-------+-------+-------+-------+-------+-------+-------++-------
Melee: Unarmed           |    71 |   153 |   241 |   356 |   856 |   905 |   859 |   657 |  1830 ||  5928
       Constrict         |    18 |    30 |    62 |    56 |   149 |   128 |   109 |    82 |   286 ||   920
       Tentacles         |    17 |    24 |    50 |   122 |   396 |   366 |   290 |   232 |   643 ||  2140
       Punch             |       |     4 |    25 |    52 |   180 |   196 |   181 |   151 |   439 ||  1228
       Mace              |       |       |    19 |       |       |       |       |       |       ||    19
       Scythe            |       |       |       |    30 |       |       |       |       |       ||    30
       Kick              |       |       |       |       |   120 |   542 |   476 |   150 |       ||  1288
       Bite              |       |       |       |       |       |       |   113 |   129 |   414 ||   656
 Fire: Hunting sling     |       |       |       |       |     4 |       |       |       |       ||     4
 Cast: Pain              |     2 |     1 |    10 |     5 |       |       |       |       |       ||    18
       Animate Skeleton  |     2 |    13 |    16 |    16 |    25 |    10 |       |       |       ||    82
       Regeneration      |     1 |    12 |    27 |    26 |    28 |    17 |    17 |    20 |    44 ||   192
       Animate Dead      |       |       |       |    12 |    30 |    23 |     1 |     3 |     1 ||    70
       Inner Flame       |       |       |       |       |     1 |       |       |       |       ||     1
       Statue Form       |       |       |       |       |     2 |    44 |    34 |    34 |    80 ||   194
       Song of Slaying   |       |       |       |       |       |     1 |     1 |     2 |     4 ||     8
       Repel Missiles    |       |       |       |       |       |       |     1 |     2 |       ||     3
       Summon Lightning  |       |       |       |       |       |       |     2 |     1 |       ||     3
       Aura of Abjuratio |       |       |       |       |       |       |       |     1 |     7 ||     8
       Deflect Missiles  |       |       |       |       |       |       |       |     1 |     1 ||     2
       Shroud of Golubri |       |       |       |       |       |       |       |     1 |     1 ||     2
       Malign Gateway    |       |       |       |       |       |       |       |       |     1 ||     1
Invok: Slouch            |       |       |       |     2 |     7 |     9 |     7 |    10 |     6 ||    41
Evoke: Wand              |       |       |       |    22 |    11 |     6 |     2 |     7 |    10 ||    58
       Phial of floods   |       |       |       |       |       |       |     1 |       |       ||     1
       Box of beasts     |       |       |       |       |       |       |       |     1 |       ||     1
       Rod               |       |       |       |       |       |       |       |     1 |     6 ||     7
  Use: Potion            |       |     2 |     3 |     7 |    10 |     1 |     4 |     3 |     6 ||    36
       Scroll            |       |       |    17 |    17 |    15 |    18 |    10 |    12 |     5 ||    94
 Stab: Sleeping          |     2 |     2 |    14 |     6 |    29 |    13 |     3 |     7 |     6 ||    82
       Distracted        |       |     1 |     1 |     4 |    13 |    12 |     7 |     8 |     4 ||    50
       Invisible         |       |       |       |       |       |       |     1 |       |       ||     1
  Eat: Chunk             |       |     3 |    10 |     5 |    12 |    14 |    41 |    66 |     6 ||   157
       Bread ration      |       |       |     1 |       |       |       |     2 |       |     2 ||     5
       Meat ration       |       |       |       |     2 |     1 |     3 |     2 |     2 |     2 ||    12
       Beef jerky        |       |       |       |       |     1 |     3 |       |       |       ||     4
       Fruit             |       |       |       |       |       |     3 |       |       |       ||     3
       Royal jelly       |       |       |       |       |       |     1 |     1 |     1 |     1 ||     4
Armor: Skin              |     2 |     4 |    14 |    54 |    46 |   284 |   164 |   201 |   444 ||  1213
Dodge: Dodged            |    30 |    66 |   191 |   411 |   475 |  1157 |   802 |   787 |  2116 ||  6035
       Deflected         |       |       |       |       |       |       |     3 |    12 |    12 ||    27
Block: Shield            |       |       |       |    38 |   899 |  1370 |  1156 |  1117 |  3389 ||  7969
